 Dungeon Crawl Stone Soup version 0.17-a0-2073-gde5cdba (webtiles) character file.

1612 nubinia the Sneak (level 8, -13/52 HPs)
             Began as an Octopode Earth Elementalist on Oct 15, 2015.
             Was a Follower of Sif Muna.
             Mangled by a yak (14 damage)
             ... on level 5 of the Dungeon.
             The game lasted 00:31:02 (6165 turns).

nubinia the Sneak (Octopode Earth Elementalist)     Turns: 6165, Time: 00:31:02

Health: -13/52     AC:  9    Str:  8    XL:     8   Next: 95%
Magic:  12/14      EV: 13    Int: 18    God:    Sif Muna [*.....]
Gold:   327        SH:  4    Dex: 13    Spells: 5 memorised, 3 levels left

rFire  . . .     SeeInvis .     p - +7 flail (protect)
rCold  + . .     Clarity  .     D - +1 buckler
rNeg   . . .     SustAt   .     (helmet restricted)
rPois  .         Gourm    .     o - amulet of regeneration
rElec  .         Spirit   .     g - ring of protection from cold
rCorr  .         Warding  .     (no ring)
rMut   .         Stasis   .     (no ring)
MR     .....                    (no ring)
Stlth  +++++.....               (no ring)
                                (no ring)
                                (no ring)
                                (no ring)

@: stone skin, not resistant to hostile enchantments, quite stealthy
A: almost no armour, amphibious, 8 rings, constrict 8, camouflage 1, gelatinous
body 1
a: Channel Energy, Renounce Religion


You were on level 5 of the Dungeon.
You worshipped Sif Muna.
Sif Muna was aware of your devotion.
You were very hungry.

You visited 2 branches of the dungeon, and saw 7 of its levels.

You collected 327 gold pieces.

Inventory:

Hand Weapons
 b - a +2 short sword of holy wrath
 p - a +7 flail of protection (weapon)
 q - a +0 short sword
Missiles
 a - 212 stones (quivered)
Armour
 D - a +1 buckler (worn)
Jewellery
 g - a ring of protection from cold (left tentacle)
 o - an amulet of regeneration (around mantle)
 B - an uncursed amulet of rage {unknown}
Wands
 v - a wand of magic darts (29)
 y - a wand of digging (12)
Scrolls
 d - 2 scrolls of fog
 e - 3 scrolls of teleportation
 f - a scroll of enchant weapon
 h - 3 scrolls of remove curse
 l - a scroll of random uselessness
 s - a scroll of noise {unknown}
 w - a scroll of fear {unknown}
 C - 2 scrolls of enchant armour
Potions
 j - a potion of resistance
 n - a potion of flight
 r - a potion of degeneration {unknown}
 t - a potion of poison {unknown}
 u - a potion of cure mutation {unknown}
 x - 2 potions of mutation {unknown}
 z - a potion of curing
 A - a potion of brilliance
Books
 i - a book of Geomancy

   Spells                             Type                      Level
   a - Sandblast                      Earth                        1
   b - Stoneskin                      Transmutation/Earth          2
   c - Passwall                       Transmutation/Earth          3
   d - Stone Arrow                    Conjuration/Earth            3
   e - Petrify                        Transmutation/Earth          4
   f - Lee's Rapid Deconstruction     Earth                        5
Comestibles
 c - 6 bread rations
 k - 2 meat rations
 m - a slice of pizza


   Skills:
 + Level 3.3 Fighting
 + Level 1.5 Short Blades
 + Level 1.9 Maces & Flails
 + Level 4.0 Dodging
 + Level 6.2 Stealth
 + Level 0.2 Shields
 + Level 0.2 Unarmed Combat
 + Level 4.6 Spellcasting
 * Level 2.0 Conjurations
 * Level 3.5 Transmutations
 * Level 6.1 Earth Magic


You had 3 spell levels left.
You knew the following spells:

 Your Spells              Type           Power        Failure   Level  Hunger
a - Sandblast             Erth           ####..       1%          1    None
b - Stoneskin             Trmt/Erth      ###.....     6%          2    #......
c - Passwall              Trmt/Erth      ###.......   12%         3    ###....
d - Stone Arrow           Conj/Erth      ###...       14%         3    ###....
e - Petrify               Trmt/Erth      ###.....     38%         4    ####...


Dungeon Overview and Level Annotations

Branches:
Dungeon (6/15)             Temple (1/1) D:6

Altars:
Ashenzari
Dithmenos
Elyvilon
Gozag
Kikubaaqudgha
Makhleb
Nemelex Xobeh
Okawaru
Sif Muna
Vehumet
Xom
Yredelemnul
Zin
The Shining One

Annotations:
D:4 Grinder


Innate Abilities, Weirdness & Mutations

You cannot wear most types of armour.
You are amphibious.
You can wear up to eight rings at the same time.
You can use your tentacles to constrict eight enemies at once.
Your skin changes colour to match your surroundings (Stealth).
Your rubbery body absorbs attacks (AC +1).


Message History

The yak gores you!
* * * LOW HITPOINT WARNING * * *
The yak closely misses you.
You barely miss the yak.
The yak is almost dead.
The yak gores you!
* * * LOW HITPOINT WARNING * * *
You hit the yak.
The yak is almost dead.
The yak gores you but does no damage.
Your skin feels tender.
Casting: Stoneskin
Confirm with . or Enter, or press ? or * to list all spells.
Your skin hardens.
The yak gores you but does no damage.
You barely miss the yak.
The yak is almost dead.
The yak gores you!
* * * LOW HITPOINT WARNING * * *
The yak gores you!
You die...

......##............#####.###.#
# .....####..#.........##.).#
#.# #
..........#..........#..###
##### .....>.####...>......#.##
### #.
.......##............#.#####.#
♣.
....#..##....#####.#.....##..#
♣. #.###........#
###.#..##.#..## ♣♣
#.##..##....## #......##...##
♣. #.#...##.####
##@###..###...## ♣♣ #......#.#
###Y.# #..##..#..# ♣ #........#
#...## #..##.##..# ♣ #.......##
#.######.........# #
#.......#####.####........#..#
#
#......###....#.....<......###
# #......##.....#.###........#
# #...............# #........#
# ..............######......##


You could see a yak.

Vanquished Creatures
  3 yaks (D:6)
  Edmund (D:4)
  A water moccasin (D:6)
  Blork the orc (D:5)
  A giant frog (D:6)
  A scorpion (D:4)
  A giant frog zombie (D:5)
  3 crimson imps
  A centaur zombie (D:6)
  A hound (D:5)
  Crazy Yiuf (D:5)
  An orc priest (D:6)
  A giant frog skeleton (D:4)
  3 orc wizards
  2 iguanas
  4 worker ants
  2 hound zombies
  3 gnolls (D:6)
  10 adders
  3 worms
  2 adder skeletons
  4 giant geckos
  11 orcs
  9 goblins
  11 hobgoblins
  A jackal (D:1)
  11 bats
  2 giant cockroaches
  5 giant newts
  11 kobolds
  2 quokkas
  12 rats
125 creatures vanquished.

Notes
Turn   | Place    | Note
--------------------------------------------------------------
     0 | D:1      | nubinia the Octopode Earth Elementalist began the quest for the Orb.
     0 | D:1      | Reached XP level 1. HP: 11/11 MP: 3/3
   303 | D:1      | Reached XP level 2. HP: 17/17 MP: 3/5
   328 | D:1      | Learned a level 2 spell: Stoneskin
   873 | D:1      | Reached XP level 3. HP: 15/22 MP: 2/6
   878 | D:1      | Learned a level 3 spell: Passwall
  1682 | D:2      | Reached XP level 4. HP: 27/27 MP: 7/7
  2407 | D:3      | Reached skill level 4 in Earth Magic
  2407 | D:3      | Reached XP level 5. HP: 32/32 MP: 7/9
  2963 | D:3      | Reached skill level 1 in Short Blades
  3480 | D:3      | Reached skill level 1 in Fighting
  3713 | D:4      | Noticed Grinder
  3716 | D:5      | Entered Level 5 of the Dungeon
  3726 | D:5      | Learned a level 3 spell: Stone Arrow
  3863 | D:5      | Noticed Blork the orc
  3898 | D:5      | Reached XP level 6. HP: 38/38 MP: 10/10
  4015 | D:4      | Found a shattered altar of Ashenzari.
  4255 | D:4      | Noticed Edmund
  4340 | D:4      | Killed Edmund
  4583 | D:4      | Reached XP level 7. HP: 35/45 MP: 12/12
  4644 | D:4      | Reached skill level 5 in Earth Magic
  4730 | D:4      | Reached skill level 5 in Stealth
  5066 | D:5      | Noticed Crazy Yiuf
  5076 | D:5      | Killed Crazy Yiuf
  5209 | D:5      | Killed Blork the orc
  5328 | D:6      | Found a staircase to the Ecumenical Temple.
  5372 | Temple   | Entered the Ecumenical Temple
  5426 | Temple   | Became a worshipper of Sif Muna the Loreminder
  5432 | Temple   | Learned a level 4 spell: Petrify
  5518 | D:6      | Reached skill level 1 in Maces & Flails
  5538 | D:6      | Reached XP level 8. HP: 44/51 MP: 14/14
  5676 | D:6      | Reached skill level 1 in Conjurations
  5748 | D:6      | Reached skill level 6 in Stealth
  5829 | D:6      | Noticed a yak
  5829 | D:6      | Noticed a yak
  5829 | D:6      | Noticed a yak
  5831 | D:6      | Noticed a yak
  5831 | D:6      | Noticed a yak
  5833 | D:6      | Noticed a yak
  5870 | D:6      | Killed a yak
  5876 | D:6      | Killed a yak
  5876 | D:6      | Reached * piety under Sif Muna
  5991 | D:6      | Found a basalt altar of Yredelemnul.
  6061 | D:6      | Killed a yak
  6165 | D:5      | HP: 1/52 [yak (10)]
  6165 | D:5      | Mangled by a yak

Vault maps used:
D:1:      dpeg_arrival_water_fire, serial_forest, infiniplex_forest_straight_4,
          infiniplex_forest_clump_large, infiniplex_forest_pool,
          infiniplex_forest_lined_corner, infiniplex_forest_lined_room_3,
          infiniplex_forest_lined_room_2, infiniplex_forest_lined_corner,
          glass_columns_b, kennysheep_crisscross
D:2:      first_bread, kennysheep_generic_room_3
D:4:      ashenzari_conservatory_becter, minmay_mini_jars, uniq_edmund,
          uniq_grinder
D:5:      uniq_blork_the_orc, uniq_crazy_yiuf_cottage
D:6:      yredelemnul_altar_generic, minmay_temple_entry_statues_fountains
Temple:   circular_temple_12

Action                   |  1- 3 |  4- 6 |  7- 9 || total
-------------------------+-------+-------+-------++-------
Melee: Unarmed           |    24 |       |       ||    24
       Short sword       |    26 |    97 |    15 ||   138
       Flail             |       |       |   113 ||   113
 Cast: Sandblast         |    24 |    31 |     8 ||    63
       Stoneskin         |     1 |    11 |    18 ||    30
       Stone Arrow       |       |       |     3 ||     3
  Use: Scroll            |     3 |     4 |     4 ||    11
 Stab: Sleeping          |     4 |    14 |    10 ||    28
       Distracted        |       |       |     1 ||     1
  Eat: Chunk             |     1 |    12 |     6 ||    19
